Map: Abyssal Reef LE

Players

Revolution

  • Race: Zerg Zerg
  • Spawn Location: 5:00

SpeCial - Winner!

  • Race: Terran Terran
  • Spawn Location: 11:00

Event: WCS Montreal 2017

VOD

Have the link to the VOD?

Description

Time

  • Played on: Sept. 8, 2017, 3:04 p.m.
  • Length: 7:23

All games in this series

Show
View Real Time Build Order
Export as new Build Order

Revolution Zerg 

Build Orders: Hatch First 

Get SALT Encoding   

  12  0:00  Drone  
  13  0:12  Overlord  
  13  0:18  Drone  
  14  0:30  Drone x2  
  14  0:35  Drone  
  17  0:54  Hatchery  
  17  0:56  Drone  
  17  0:58  Extractor  
  17  1:01  Drone  
  17  1:17  Spawning Pool  
  16  1:18  Drone  
  16  1:22  Drone  
  18  1:30  Drone  
  19  1:40  Overlord  
  19  1:49  Drone  
  20  2:05  Queen x2  
  20  2:08  Zergling x4  
  26  2:13  Metabolic Boost  
  26  2:17  Drone  
  26  2:21  Drone  
  28  2:24  Drone  
  29  2:34  Drone x2  
  29  2:51  Hatchery  
  29  2:53  Queen  
  29  2:55  Drone  
  29  2:58  Drone  
  32  3:05  Overlord  
  32  3:11  Drone  
  32  3:12  Zergling x4  
  35  3:14  Drone  
  36  3:25  Drone  
  36  3:26  Overlord  
  37  3:30  Drone x5  
  42  3:37  Queen  
  44  3:44  Overlord  
  44  3:48  Drone  
  44  3:49  Drone x4  
  48  4:04  Queen  
  48  4:06  Zergling x8  
  46  4:27  Drone x10  
  46  4:29  Queen  
  57  4:31  Spore Crawler  
  57  4:33  Spore Crawler  
  53  4:43  Drone x4  
  57  4:46  Spore Crawler  
  56  4:54  Evolution Chamber  
  56  4:57  Evolution Chamber  
  54  5:02  Spore Crawler, Drone x2  
  54  5:03  Drone x3  
  58  5:09  Overlord  
  58  5:13  Queen  
  58  5:23  Zerg Melee Weapons Level 1  
  58  5:28  Drone  
  58  5:29  Drone x7  
  65  5:37  Overlord  
  65  5:38  Overlord  
  65  5:42  Lair  
  59  6:03  Drone x11  
  70  6:10  Extractor  
  69  6:12  Extractor, Baneling Nest  
  69  6:13  Zergling x4  
  69  6:24  Extractor  
  68  6:26  Drone x4  
  68  6:30  Extractor, Drone  
  68  6:31  Extractor  
  71  6:41  Hatchery  
  66  6:53  Spire  
  66  7:02  Evolution Chamber  
  66  7:04  Zergling x18  
  66  7:05  Zergling x10  
  81  7:12  Hatchery  
Show
View Real Time Build Order
Export as new Build Order

SpeCial Terran - Winner!

Build Orders: Reaper Expand, Hellion Banshee 

Get SALT Encoding   

  12  0:00  SCV  
  13  0:12  SCV  
  14  0:17  Supply Depot  
  14  0:19  Supply Depot  
  14  0:24  SCV  
  15  0:40  SCV  
  15  0:42  Barracks  
  16  0:46  Refinery  
  16  0:52  SCV  
  17  1:04  SCV  
  18  1:17  SCV  
  19  1:29  Orbital Command  
  19  1:30  Reaper  
  20  1:42  Command Center  
  20  1:52  Supply Depot  
  20  1:55  SCV  
  21  2:01  Marine  
  21  2:07  Factory  
  22  2:11  SCV  
  22  2:14  Refinery  
  23  2:24  Barracks Reactor  
  23  2:25  SCV  
  24  2:37  SCV  
  25  2:49  SCV  
  26  2:52  Starport  
  26  2:55  Orbital Command  
  26  3:01  SCV  
  27  3:07  Hellion x2  
  27  3:10  Barracks Tech Lab  
  31  3:14  SCV  
  32  3:20  SCV  
  32  3:26  SCV  
  34  3:29  Hellion x2  
  34  3:33  SCV  
  41  3:38  SCV  
  41  3:41  Banshee, Cloaking Field  
  40  3:45  SCV  
  40  3:47  Supply Depot  
  44  3:53  SCV  
  45  3:57  SCV  
  46  4:06  Supply Depot  
  46  4:09  SCV x2, Hellion x2  
  52  4:11  Supply Depot  
  52  4:15  Armory  
  51  4:21  SCV x2  
  51  4:24  Banshee  
  51  4:30  Hellion x2  
  54  4:33  SCV  
  54  4:34  SCV  
  54  4:45  SCV  
  55  4:46  SCV  
  55  4:50  Supply Depot  
  55  4:52  Hellion x2  
  60  4:57  SCV  
  60  4:59  SCV  
  62  5:02  Command Center  
  62  5:07  Terran Vehicle Weapons Level 1  
  62  5:08  Supply Depot  
  62  5:13  Banshee  
  65  5:16  SCV  
  65  5:20  Barracks Reactor  
  66  5:21  SCV  
  66  5:22  Factory  
  66  5:27  Hellion, Refinery x2  
  69  5:29  Hellion  
  69  5:31  SCV  
  72  5:40  SCV  
  72  5:42  Supply Depot  
  73  5:46  SCV  
  73  5:48  Hellion  
  76  5:50  Hellion  
  76  5:57  SCV  
  76  5:58  SCV  
  78  6:09  SCV  
  78  6:10  SCV  
  80  6:16  Orbital Command  
  80  6:17  Cyclone, Refinery  
  80  6:18  Cyclone x2  
  89  6:19  Refinery  
  89  6:21  Cyclone  
  89  6:22  SCV x2  
  94  6:34  Factory, SCV x2  
  94  6:35  Factory  
  96  6:46  SCV x3  
  99  6:47  Factory  
  99  6:50  Hellion x2  
  99  6:53  Hellion  
  105  6:57  Supply Depot  
  105  6:58  SCV x3  
  108  7:10  Supply Depot, SCV  
  108  7:11  Supply Depot  
  108  7:15  Armory  
Tags
 
Add a new tag
Caveats
  • Supply blocks, unpowered buildings, or Contaminate may cause inaccurate times.
  • Supply counts are checked every 10 seconds.